 Dungeon Crawl Stone Soup version 0.28.0-1-gb440e238dd (webtiles) character file.

Game seed: 7168358415420645454

4439 jfcaron the Fighter (level 10, 0/73 (86) HPs)
             Began as a Demonspawn Monk on Feb 24, 2022.
             Was a Priest of Qazlal.
             Slain by an acid dragon (4 damage)
             ... on level 8 of the Dungeon.
             The game lasted 00:22:46 (10263 turns).

jfcaron the Fighter (Demonspawn Monk)              Turns: 10263, Time: 00:22:46

HP:   0/73 (86)     AC: 14    Str: 16    XL:     10   Next: 14%
MP:   16/16         EV:  6    Int: 18    God:    Qazlal [***...]
Gold: 50            SH:  4    Dex: 15    Spells: 9/9 levels left

rFire   . . .      SeeInvis +   U - +0 battleaxe (flame)
rCold   . . .      Faith    .   (shield currently unavailable)
rNeg    . . .      Spirit   .   D - +0 plate armour
rPois   .          Reflect  .   h - +0 helmet
rElec   .          Harm     .   G - +0 cloak
rCorr   .          Rampage  .   l - +2 pair of gloves
Will    .....                   F - +0 pair of boots
Stlth   ..........              (no amulet)
HPRegen 0.22/turn               w - ring of see invisible
MPRegen 0.15/turn               O - +6 ring of intelligence

@: corroded, heavily drained
A: hooves 2, rugged brown scales 1, spiny 1
a: Renounce Religion, Upheaval, Elemental Force


You were on level 8 of the Dungeon.
You worshipped Qazlal.
Qazlal was most pleased with you.
You visited 2 branches of the dungeon, and saw 9 of its levels.
You also visited: Bailey.

You collected 341 gold pieces.
You spent 291 gold pieces at shops.

Inventory:

Hand Weapons
 b - a +0 vampiric hand axe
 c - a +4 flail of freezing
 i - a +0 dagger of venom
 k - a +2 vampiric great sword
 x - a +0 morningstar
 L - a +0 war axe
 U - a +0 battleaxe of flaming (weapon)
Missiles
 a - 2 atropa-tipped darts
 j - 11 javelins
 u - 115 sling bullets
 C - 11 boomerangs
 R - a poisoned dart
Armour
 h - a +0 helmet (worn)
 l - a +2 pair of gloves (worn)
 D - a +0 plate armour (worn)
 F - a +0 pair of boots (worn)
 G - a +0 cloak (worn)
Magical Staves
 Q - a staff of fire
Jewellery
 o - a ring of flight
 w - a ring of see invisible (left hand)
 K - a ring of ice
 O - a +6 ring of intelligence (right hand)
 V - a ring of ice
Wands
 p - a wand of polymorph (3)
 E - a wand of paralysis (11)
Scrolls
 f - 3 scrolls of enchant weapon {unknown}
 n - 6 scrolls of teleportation
 t - a scroll of amnesia
 v - 4 scrolls of silence {unknown}
 y - 2 scrolls of holy word {unknown}
 H - 2 scrolls of fear {unknown}
 I - 2 scrolls of vulnerability {unknown}
 J - 2 scrolls of immolation {unknown}
 N - 2 scrolls of fog
 P - a scroll of blinking {unknown}
 T - a scroll of magic mapping
 W - a scroll of enchant armour {unknown}
Potions
 d - a potion of berserk rage
 e - a potion of lignification
 g - 3 potions of resistance
 m - 2 potions of attraction
 q - 2 potions of brilliance
 r - 3 potions of heal wounds
 s - 3 potions of haste
 z - 6 potions of magic
 A - a potion of cancellation {unknown}
 B - 6 potions of mutation
 M - a potion of invisibility
 S - 2 potions of might {unknown}


   Skills:
 + Level 9.7 Fighting
 * Level 4.1 Axes
 + Level 8.1 Armour
 - Level 2.6 Dodging
 - Level 1.7 Stealth
 + Level 8.8 Invocations


You had 9 spell levels left.
You didn't know any spells.
Your spell library contained the following spells:

 Spells                   Type           Power      Damage    Failure   Level
 Sublimation of Blood     Necr           0%         N/A       100%        2
 Petrify                  Tmut/Erth      0%         N/A       100%        4
 Irradiate                Conj/Tmut      0%         3d13      100%        5


Dungeon Overview and Level Annotations

Branches:
Dungeon (8/15)             Temple (1/1) D:6          Bailey (visited)
   Lair: D:8-11

Altars:
Ashenzari
Cheibriados
Dithmenos
Elyvilon
Fedhas
Gozag
Hepliaklqana
Kikubaaqudgha
Makhleb
Nemelex Xobeh
Okawaru
Qazlal
Ru
Trog
Uskayaw
Vehumet
Wu Jian
Xom
Zin
The Shining One

Shops:
D:1 ?   D:3 (   D:7 (   D:8 [

Portals:
Abyss: D:3

Annotations:
D:3 2 transporters, fragbeetle's ghost, weakling MiHu


Innate Abilities, Weirdness & Mutations

You have hoof-like feet.
You are partially covered in rugged brown scales. (AC +1, +3% HP)
You are partially covered in sharp spines.


Message History

The orc priest looks braver for a moment.
The orc wizard is engulfed in freezing vapours.
You kill the orc wizard!
Qazlal accepts your kill.
You hear a roar!
The orc priest is struck by your spines.
The orc priest hits you but does no damage.
An acid dragon comes into view.
You see here a +0 dagger.
You closely miss the orc priest.
The orc priest is lightly wounded.
The orc priest is struck by your spines.
The orc priest hits you but does no damage.
The orc priest is struck by your spines.
The orc priest barely misses you.
You slash the orc priest! You burn the orc priest.
You kill the orc priest!
Qazlal accepts your kill.
You see here a +0 trident.
The acid dragon spits acid at you. The splash of acid hits you!
The acid corrodes you!
You closely miss the acid dragon.
The acid dragon is struck by your spines.
The acid dragon bites you but does no damage.
The acid dragon claws you but does no damage.
The acid dragon is struck by your spines.
The acid dragon bites you but does no damage.
The acid dragon barely misses you.
You barely miss the acid dragon.
The acid dragon is moderately wounded.
The acid dragon bites you. The acid dragon barely misses you.
You slash the acid dragon! You burn the acid dragon.
The acid dragon is almost dead.
The acid dragon spits acid at you. The splash of acid hits you!!
* * * LOW HITPOINT WARNING * * *
The acid corrodes you!
The acid dragon is struck by your spines.
The acid dragon bites you.
You die...

#####........ .......
............. .......
#######....####
.......
..............) .....
...............
..#.#########.#######
#.........##.##
#.D.......#...#
#..@☼.....#...#
###○)..####...#
#.)).# #)..#
#....####)))##
###.###......#
#..##......#####
.######.##......#...#
................#...#
########........#...#


You could see an acid dragon (catching breath).

Vanquished Creatures
  A boulder beetle (D:6)
  A centaur zombie (D:5)
  An unseen horror (D:6)
  Sigmund (D:6)
  A water moccasin (D:6)
  2 sky beasts
  An orc warrior (Bailey)
  2 ogres
  A necrophage (D:8)
  3 ice beasts
  5 centaurs
  A phantom (D:5)
  Blork the orc (D:6)
  2 bullfrogs
  4 scorpions
  9 wights (D:8)
  A howler monkey (D:5)
  2 bullfrog skeletons
  2 orc priests
  6 hounds
  A jelly (D:5)
  Ijyb (D:5)
  4 iguanas
  3 orc wizards
  A hound skeleton (D:4)
  14 gnolls
  3 adders
  A white imp (D:6)
  2 ufetubi
  2 worms
  A dart slug (D:5)
  25 orcs
  4 ball pythons
  7 bats
  3 endoplasms
  4 giant cockroaches
  11 goblins
  15 hobgoblins
  6 jackals
  4 quokkas (D:2)
  7 frilled lizards
  7 kobolds
  3 rats
176 creatures vanquished.

Notes
Turn   | Place    | Note
-------+----------+-------------------------------------------
     0 | D:1      | jfcaron the Demonspawn Monk began the quest for the Orb.
     0 | D:1      | Reached XP level 1. HP: 18/18 MP: 1/1
   322 | D:1      | Gained mutation: You have large cloven feet. [demonic
                  | ancestry]
   322 | D:1      | Reached XP level 2. HP: 24/24 MP: 2/2
   326 | D:1      | Found Valedok's Magic Scroll Shoppe.
  1038 | D:1      | Gained mutation: You are partially covered in sharp spines.
                  | [demonic ancestry]
  1038 | D:1      | Reached XP level 3. HP: 29/29 MP: 3/3
  1632 | D:2      | Reached skill level 4 in Fighting
  1746 | D:2      | Reached XP level 4. HP: 37/37 MP: 4/4
  1879 | D:2      | Reached skill level 1 in Armour
  2081 | D:4      | Noticed a scorpion
  2087 | D:4      | Killed a scorpion
  2217 | D:4      | Reached XP level 5. HP: 43/43 MP: 5/5
  2245 | D:5      | Entered Level 5 of the Dungeon
  2278 | D:5      | Noticed a phantom
  2297 | D:5      | Reached skill level 5 in Fighting
  2506 | D:5      | Killed a phantom
  2507 | D:5      | Reached XP level 6. HP: 49/51 MP: 6/6
  2546 | D:6      | Noticed a water moccasin
  2556 | D:6      | Killed a water moccasin
  2570 | D:6      | Noticed Sigmund
  2627 | D:6      | Killed Sigmund
  2628 | D:6      | Reached skill level 6 in Fighting
  2628 | D:6      | Reached XP level 7. HP: 45/58 MP: 7/7
  2705 | D:6      | Found a staircase to the Ecumenical Temple.
  2714 | Temple   | Entered the Ecumenical Temple
  2771 | Temple   | Became a worshipper of Qazlal Stormbringer
  2771 | Temple   | Reached * piety under Qazlal
  2771 | Temple   | Reached ** piety under Qazlal
  3308 | D:3      | Found a transporter.
  3353 | D:3      | Found Xomokhay's Antique Weapon Shoppe.
  3701 | D:3      | Found a one-way gate to the infinite horrors of the Abyss.
  3701 | D:3      | Noticed fragbeetle's ghost (weakling MiHu)
  3721 | D:3      | Found a transporter.
  3865 | D:1      | Bought a scroll of teleportation for 30 gold pieces
  4416 | D:4      | Reached skill level 5 in Armour
  4844 | D:1      | Bought a scroll of fog for 20 gold pieces
  4844 | D:1      | Bought a scroll of identify for 20 gold pieces
  4958 | D:5      | Noticed Ijyb
  4973 | D:5      | Killed Ijyb
  5089 | D:5      | Reached skill level 1 in Invocations
  5212 | D:5      | Reached skill level 7 in Fighting
  5221 | D:5      | Gained mutation: You have hoof-like feet. [demonic
                  | ancestry]
  5221 | D:5      | Reached XP level 8. HP: 62/67 MP: 7/9
  5978 | D:1      | Bought 3 scrolls of identify for 60 gold pieces
  5978 | D:1      | Bought a scroll of identify for 20 gold pieces
  6185 | D:6      | Noticed Blork the orc
  6198 | D:6      | Killed Blork the orc
  6324 | D:6      | Reached skill level 8 in Fighting
  6324 | D:6      | Reached skill level 5 in Invocations
  6594 | D:6      | Noticed a boulder beetle
  6610 | D:6      | Killed a boulder beetle
  6611 | D:6      | Gained mutation: You are partially covered in rugged brown
                  | scales. (AC +1, +3% HP) [demonic ancestry]
  6611 | D:6      | Reached XP level 9. HP: 60/77 MP: 13/13
  6875 | D:6      | Noticed Eustachio
  6876 | D:6      | Noticed Eustachio
  6876 | D:6      | Eustachio changed into Eustachio the centaur
  6885 | D:6      | Killed Eustachio the centaur
  7049 | D:6      | Reached skill level 9 in Fighting
  7261 | D:6      | Noticed an unseen horror
  7276 | D:6      | Killed an unseen horror
  7276 | D:6      | Reached *** piety under Qazlal
  7475 | D:7      | Found a flagged portal.
  7497 | Bailey   | Entered a bailey
  8850 | D:7      | Found Gahok's Weapon Emporium.
  9114 | D:7      | Bought a +0 battleaxe for 91 gold pieces
  9261 | D:1      | Bought a scroll of teleportation for 30 gold pieces
  9261 | D:1      | Bought a scroll of identify for 20 gold pieces
  9497 | D:8      | Reached XP level 10. HP: 72/73 MP: 16/16
 10007 | D:8      | Found Pakhepp's Armour Shoppe.
 10263 | D:8      | HP: 4/73 [acid dragon/splash of acid (33)]
 10263 | D:8      | Slain by an acid dragon

Illustrated notes

Levels and vault maps discovered:
D:1:      minmay_arrival_doors, layout_basic, serial_shops,
          nicolae_shop_behind_doors, serial_park_tiny_pond
D:2:      layout_basic
D:3:      layout_basic, gammafunk_ghost_abyssal_escape, serial_shops,
          nicolae_diamond_shop, nrook_campfire, chequers_serial_rivers_small_a
D:4:      layout_loops_corners
D:5:      layout_basic, uniq_ijyb
D:6:      minmay_octagon_keep, layout_loops_cross,
          minmay_temple_entry_antechambers, uniq_eustachio, uniq_sigmund,
          uniq_blork_the_orc
D:7:      layout_basic, enter_bailey_5, serial_shops, shop
D:8:      layout_basic, serial_shops, nicolae_shop_trees
Temple:   mainiacjoe_temple_big_plus

Skill      XL: |  1  2  3  4  5  6  7  8  9 10 |
---------------+-------------------------------+-----
Axes           | 3 4 |  4.1
Fighting       | 4 5 6 7 8 9 |  9.7
Armour         | 2 3 4 5 6 7 8 |  8.1
Invocations    | 2 6 8 |  8.8
Dodging        | |  2.6
Stealth        | |  1.7

Action                   |  1- 3 |  4- 6 |  7- 9 | 10-12 || total
-------------------------+-------+-------+-------+-------++-------
Melee: Hand axe          |    46 |       |   177 |       ||   223
       Dagger            |    72 |    50 |   148 |       ||   270
       Kick              |    23 |    13 |    10 |       ||    46
       Punch             |       |       |     4 |       ||     4
       Battleaxe         |       |       |     5 |    37 ||    42
Throw: Stone             |     5 |    11 |     7 |       ||    23
       Dart              |       |     5 |    18 |       ||    23
       Boomerang         |       |       |     8 |       ||     8
Invok: Upheaval          |       |       |     5 |       ||     5
Evoke: Wand              |       |       |     3 |       ||     3
  Use: Scroll            |       |     2 |    13 |       ||    15
 Stab: Sleeping          |     3 |       |       |       ||     3
Armor: Robe              |    21 |       |       |       ||    21
       Ring mail         |    15 |    16 |    22 |       ||    53
       Chain mail        |       |       |   183 |       ||   183
       Plate armour      |       |       |    26 |    36 ||    62
Dodge: Dodged            |    56 |    28 |   151 |    21 ||   256
Block: Other             |       |       |    49 |    13 ||    62
